 Dungeon Crawl Stone Soup version 0.32-a0-876-gcfddb08e57 (webtiles) character file.

Game seed: 883705970733463092

98511 Shayle the Arsonist (level 16, 0/80 (88) HPs)
             Began as a Coglin Alchemist on Mar 31, 2024.
             Was a High Priest of Vehumet.
             Collided with a stone wall (3 damage)
             ... after being knocked back by a wretched star
             ... on level 3 of the Abyss.
             The game lasted 02:00:06 (31769 turns).

Shayle the Arsonist (Coglin Alchemist)             Turns: 31769, Time: 02:00:07

HP:   0/80 (88)     AC: 22    Str:  8    XL:     16   Next: 22%
MP:   8/18          EV:  8    Int: 24    God:    Vehumet [*****.]
Gold: 861           SH:  0    Dex: 11    Spells: 3/29 levels left

rFire   . . .        O - +5 scimitar (flame) {Daeho}
rCold   . . .        M - +8 spear (freeze) {Yae}
rNeg    + . .        k - +1 pearl dragon scales of Okawaru's Castigation {rN+ Int+5 SInv}
rPois   +            r - +0 helmet
rElec   .            A - +0 cloak
rCorr   +            J - +0 pair of gloves
SInv    +            v - +1 pair of boots
Will    +....        (amulet unavailable) Stlth
                     (ring unavailable)
HPRegen 0.33/turn    (ring unavailable)
MPRegen 0.96/turn    T - ablative actuator {RevMP, rPois rCorr Slay+3}

%: no passive effects
@: studying Shields, drained, revved
A: off-hand wielding, slow wielding, warmup strikes, no jewellery, [clumsy 2],
[dopey 2], [frail 3], [low MP 3], ([teleportitis 2]), [subdued magic 3]
a: Renounce Religion


You were on level 3 of the Abyss.
You worshipped Vehumet.
Vehumet was extremely pleased with you.
You visited 4 branches of the dungeon, and saw 22 of its levels.
You visited the Abyss 1 time.
You also visited: Sewer, Bailey, Ice Cave and Volcano.

You collected 2554 gold pieces.
You spent 1693 gold pieces at shops.

Inventory:

Hand Weapons
 M - a +8 spear of freezing (offhand) {Yae}
 O - a +5 scimitar of flaming (weapon) {Daeho}
Missiles
 P - a curare-tipped dart
Armour
 k - the +1 pearl dragon scales of Okawaru's Castigation (worn) {rN+ Int+5 SInv}
   (You bought it in a shop on level 7 of the Dungeon)

   Int+5:     It affects your intelligence (+5).
   rN+:       It protects you from negative energy.
   SInv:      It lets you see invisible.
 o - a +0 robe of resistance
 r - a +0 helmet (worn)
 v - a +1 pair of boots (worn)
 A - a +0 cloak (worn)
 I - a +2 robe of fire resistance
 J - a +0 pair of gloves (worn)
 Q - a +2 leather armour of fire resistance
Gizmo
 T - an ablative actuator (installed) {RevMP, rPois rCorr Slay+3}
   (You invented it yourself on level 2 of the Lair of Beasts)

   [ablative actuator]

   RevMP:     Your magic regeneration increases greatly based on how Revved you
   are.
   Slay+3:    It affects your accuracy & damage with ranged weapons and melee
   (+3).
   rPois:     It protects you from poison.
   rCorr:     It protects you from acid and corrosion.
Talismans
 K - the beast talisman of Entitlement {rF+ rCorr Stlth+}
   (You found it on level 7 of the Dungeon)

   [beast talisman]

   rF+:       It protects you from fire.
   rCorr:     It protects you from acid and corrosion.
   Stlth+:    It makes you more stealthy.
Wands
 i - a wand of flame (2)
 q - a wand of polymorph (20)
 R - a wand of mindburst (24)
 V - a wand of warping (5)
 X - a wand of paralysis (7)
Scrolls
 a - a scroll of identify
 c - a scroll of fog
 e - 4 scrolls of revelation
 g - 3 scrolls of immolation
 j - 2 scrolls of blinking
 l - 3 scrolls of fear
 p - 4 scrolls of teleportation
 y - a scroll of summoning
 C - 3 scrolls of amnesia
 D - a scroll of torment
 U - a scroll of poison
 W - 2 scrolls of silence
Potions
 b - 2 potions of magic
 f - 5 potions of attraction
 h - a potion of resistance
 n - 2 potions of ambrosia
 s - 7 potions of curing
 u - 6 potions of haste
 w - 4 potions of might
 x - 2 potions of lignification
 z - 2 potions of enlightenment
 B - 4 potions of invisibility
 E - 4 potions of berserk rage
 G - a potion of brilliance
 H - 2 potions of cancellation
 N - 6 potions of mutation


   Skills:
 - Level 11.7 Fighting
 - Level 10.6 Armour
 - Level 6.2 Dodging
 - Level 1.5 Stealth
 - Level 7.0 Spellcasting
 - Level 5.9 Conjurations
 + Level 14.0 Fire Magic
 + Level 4.2 Ice Magic
 - Level 10.6 Air Magic
 - Level 7.9 Alchemy


You had 3 spell levels left.
You knew the following spells:

 Your Spells              Type           Power      Damage    Failure   Level
a - Plasma Beam           Fire/Air       17%        2x1d29    11%         6
b - Mephitic Cloud        Conj/Alch/Air  25%        N/A       1%          3
c - Ignite Poison         Fire/Alch      32%        N/A       1%          4
d - Olgreb's Toxic Radia  Alch           24%        N/A       4%          4
e - Sticky Flame          Fire/Alch      32%        2d7       1%          4
f - Freezing Cloud        Conj/Ice/Air   11%        6-21      17%         5

Your spell library contained the following spells:

 Spells                   Type           Power      Damage    Failure   Level
 Magic Dart               Conj           76%        1d6       1%          1
 Sting                    Conj/Alch      88%        1d8       1%          1
 Mercury Vapours          Alch/Air       54%        N/A       1%          2
 Searing Ray              Conj           38%        2d5       1%          2
 Cigotuvi's Dreadful Rot  Necr/Alch/Air  40%        N/A       3%          2
 Ensorcelled Hibernation  Hex/Ice        18%        N/A       24%         2
 Jinxbite                 Hex            8%         N/A       54%         2
 Sublimation of Blood     Necr           4%         N/A       54%         2
 Fugue of the Fallen      Necr           4%         N/A       80%         3
 Tukima's Dance           Hex            4%         N/A       80%         3
 Fulminant Prism          Conj/Alch      11%        3d8       6%          4
 Irradiate                Conj/Alch      11%        3d15      17%         5
 Iskenderun's Mystic Bla Conj/Tloc 11%            2d4        (+2d2     32%         4
 Yara's Violent Unravell  Hex/Alch       7%         3d5       52%         5
 Petrify                  Alch/Erth      14%        N/A       65%         4
 Anguish                  Hex/Necr       2%         N/A       99%         4
 Dimensional Bullseye     Hex/Tloc       2%         N/A       99%         4
 Sculpt Simulacrum        Ice/Alch       9%         N/A       99%         6
 Enfeeble                 Hex            2%         N/A       100%        7
 Ozocubu's Refrigeration  Ice            7%         4d9       100%        7
 Polar Vortex             Ice            7%         12d1*     100%        9


Dungeon Overview and Level Annotations

Branches:
Dungeon (14/15)            Temple (1/1) D:7            Lair (5/5) D:10
 Shoals (0/4) Lair:2       Spider (0/4) Lair:2        Slime (0/5) Lair:5
    Orc (2/2) D:10            Elf (0/3) Orc:2        Vaults (0/5) D:14
  Sewer (visited)          Bailey (visited)           IceCv (visited)
Volcano (visited)

Altars:
Ashenzari
Cheibriados
Dithmenos
Elyvilon
Fedhas
Gozag
Hepliaklqana
Kikubaaqudgha
Makhleb
Nemelex Xobeh
Okawaru
Qazlal
Ru
Sif Muna
Trog
Uskayaw
Vehumet
Wu Jian
Xom
Yredelemnul
Zin
The Shining One
Jiyva

Shops:
D:3 !   D:6 !   D:7 [   D:9 *   D:11 *   Orc:1 ?   Orc:2 (*[*

Annotations:
D:10 Maggie
D:14 Louise
Lair:5 exclusion: obsidian statue
Orc:1 2 transporters, tweeg707's ghost, journeyman CoAr


Innate Abilities, Weirdness & Mutations

You can wield a second weapon in your off-hand.
It takes a long time for you to wield or remove held weapons.
Your first few attacks do less damage.
You cannot equip rings or amulets.
[You are very clumsy. (Dex -4)]
[You are very dopey. (Int -4)]
[You are extremely frail. (-30% HP)]
[Your magical capacity is extremely low. (-30% MP)]
[((You are often teleported next to monsters.))]
[Your spells are much easier to cast, but much less powerful.]


Message History

The bolt of lightning hits the starcursed mass!
You destroy the starcursed mass!
Vehumet accepts your kill.
The bolt of lightning hits the starcursed mass!
You destroy the starcursed mass!
Vehumet accepts your kill.
You hear a chilling moan.
You hear a bellow!
Unknown command.
Casting: Plasma Beam (dangerous; 8% risk of failure)
Confirm with . or Enter, or press ? or * to list all spells.
You can't see any susceptible monsters within range! (Use Z to cast anyway.)
Casting: Plasma Beam (dangerous; 8% risk of failure)
Confirm with . or Enter, or press ? or * to list all spells.
Aiming: Sticky Flame (mildly dangerous; 1% risk of failure)
Press: ? - help, Shift-Dir - straight line, f - wretched star
Aim: a wretched star (lightly damaged, unstickable)
The sticky flame hits the wretched star.
The wretched star resists.
The wretched star is lightly damaged.
The wretched star pulses with an eldritch light!
You feel stupid. x2
A small abomination comes into view.
Unknown command.
Casting: Sticky Flame (mildly dangerous; 1% risk of failure)
Confirm with . or Enter, or press ? or * to list all spells.
Aiming: Sticky Flame (mildly dangerous; 1% risk of failure)
Press: ? - help, Shift-Dir - straight line, f/p - wretched star
Aim: a wretched star (lightly damaged, unstickable)
The sticky flame hits the wretched star but does no damage.
The wretched star is lightly damaged.
Unknown command.
You hit the wretched star with your +8 spear of freezing.
The wretched star is lightly damaged.
You hit the wretched star but do no damage.
The wretched star glows turbulently.
The lance of force hits you!
* * * LOW HITPOINT WARNING * * *
You are knocked back by the lance of force.
You slam into the stone wall.
You die...

.#
...# .
.. .
.. . .
. . .
.####
##.x##
#
#..*.#
# #@#
. ###
..# #.
. . #
. . .
# .


You could see a wretched star and a small abomination.

Vanquished Creatures
  Gastronok (Lair:3)
  A frost giant (IceCv)
  An orc warlord (Orc:1)
  4 dire elephants (Lair:5)
  A green death (Abyss:3)
  Josephine (D:10)
  Erolcha (Orc:1)
  2 ogre magi (Orc:2)
  2 boulder beetles
  Erica (D:8)
  3 hydras
  A dancing weapon (Abyss:3)
  A centaur warrior (D:14)
  13 two-headed ogres
  9 death yaks
  An occultist (Volcano)
  A spectral death yak (Lair:5)
  2 salamander mystics (Volcano)
  A spectral anaconda (Lair:5)
  A skyshark (Lair:5)
  2 deep trolls (Orc:2)
  Pikel (D:5)
  3 necromancers (Lair:5)
  An obsidian bat (Orc:2)
  2 orc knights
  3 starcursed masses (Abyss:3)
  A deep elf pyromancer (D:12)
  Maurice (D:10)
  An orc sorcerer (Orc:1)
  5 ugly things
  An oklob plant (Lair:5)
  7 cyclopes
  A manticore (D:13)
  17 elephants (Lair:5)
  3 salamanders (Volcano)
  5 black mambas
  2 kobold blastminers (Orc:2)
  3 gargoyles
  A cane toad (shapeshifter) (Abyss:3)
  An ice statue (IceCv)
  5 molten gargoyles (Volcano)
  A dire elephant skeleton (Lair:5)
  An unseen horror (D:12)
  8 cane toads
  9 rime drakes
  A kobold demonologist (D:13)
  5 komodo dragons
  Psyche (D:8)
  A troll (shapeshifter) (D:13)
  2 hornets (D:9)
  Grinder (D:4)
  6 polar bears
  13 trolls
  36 blink frogs
  7 dream sheep (Lair:5)
  A snapping turtle (Lair:2)
  6 slime creatures
  A centaur simulacrum (D:12)
  2 shadows (D:12)
  5 wyverns
  A water elemental (Lair:2)
  A wyvern (shapeshifter) (Abyss:3)
  4 wargs
  5 wraiths
  6 basilisks
  48 yaks
  3 redbacks (Lair:2)
  15 humans (D:14)
  A death yak simulacrum (Lair:5)
  7 vampire mosquitoes
  A spectral cane toad (Lair:5)
  17 water moccasins
  3 acid dragons
  2 sky beasts
  A black bear (D:5)
  12 orc warriors
  A swamp drake (D:10)
  An elephant zombie (Lair:5)
  An ice beast (D:8)
  A laughing skull (Abyss:3)
  13 wolves
  19 ogres
  3 boggarts (Abyss:3)
  An elephant skeleton (Lair:5)
  9 centaurs
  2 lemures (D:5)
  A brain worm (Sewer)
  3 kobold brigands
  Blork the orc (D:5)
  8 bullfrogs
  A gnoll sergeant (D:10)
  2 scorpions
  A small abomination (Abyss:3)
  5 wights (D:7)
  3 electric eels
  3 howler monkeys
  3 bombardier beetles
  3 hounds
  A jelly (D:5)
  11 orc priests
  2 sleepcaps
  A gnoll bouda (D:8)
  5 iguanas
  17 orc wizards
  Natasha (thrice) (D:2)
  10 adders
  22 gnolls
  4 river rats (Sewer)
  A shadow imp (D:8)
  A white imp (D:5)
  2 ufetubi (D:6)
  3 dart slugs
  3 ribbon worms (D:5)
  73 orcs
  10 bats
  5 endoplasms
  5 giant cockroaches
  8 goblins
  3 hobgoblins
  9 jackals
  6 quokkas
  7 ball pythons
  2 frilled lizards
  19 kobolds
  10 rats
676 creatures vanquished.

Vanquished Creatures (others)
  A human (D:14)
1 creature vanquished.

Grand Total: 677 creatures vanquished

Notes
Turn   | Place    | Note
-------+----------+-------------------------------------------
     0 | D:1      | Shayle the Coglin Alchemist began the quest for the Orb.
     0 | D:1      | Reached XP level 1. HP: 13/13 MP: 3/3
   340 | D:1      | Reached skill level 1 in Conjurations
  1125 | D:2      | Reached XP level 2. HP: 19/19 MP: 2/4
  1297 | D:2      | Reached XP level 3. HP: 24/24 MP: 1/6
  1571 | D:2      | Noticed Natasha
  1577 | D:2      | Killed Natasha
  1578 | D:2      | Reached XP level 4. HP: 30/30 MP: 2/7
  1756 | D:2      | Noticed Natasha
  2016 | D:2      | Killed Natasha
  2247 | D:2      | Noticed Natasha
  2260 | D:2      | Killed Natasha
  2261 | D:2      | Reached XP level 5. HP: 11/35 MP: 6/8
  2358 | D:2      | Learned a level 3 spell: Mephitic Cloud
  2901 | D:3      | Found Yssur's Distillery.
  2931 | D:3      | Bought a potion of curing for 30 gold pieces
  2931 | D:3      | Bought a potion of might for 40 gold pieces
  2931 | D:3      | Bought a potion of lignification for 30 gold pieces
  2931 | D:3      | Bought a potion of heal wounds for 50 gold pieces
  3139 | D:4      | Reached XP level 6. HP: 39/41 MP: 7/10
  3176 | D:4      | You fall into a shaft and drop 2 floors!
  3241 | D:6      | Reached skill level 5 in Alchemy
  3241 | D:6      | Reached XP level 7. HP: 27/46 MP: 2/12
  3330 | D:6      | Found Kimadera's Distillery.
  3338 | D:6      | Bought a potion of enlightenment for 75 gold pieces
  3602 | D:5      | Entered Level 5 of the Dungeon
  3751 | D:5      | Reached XP level 8. HP: 50/52 MP: 4/14
  3841 | D:5      | Found a glowing drain.
  3854 | Sewer    | Entered a sewer
  5080 | D:5      | Noticed Blork the orc
  5089 | D:5      | Killed Blork the orc
  5192 | D:4      | Reached skill level 5 in Dodging
  6062 | D:4      | Noticed Grinder
  6077 | D:4      | Killed Grinder
  6078 | D:4      | Reached skill level 5 in Conjurations
  6078 | D:4      | Reached XP level 9. HP: 31/57 MP: 12/16
  6363 | D:5      | Found an opulent altar of Gozag.
  6374 | D:5      | Reached skill level 5 in Spellcasting
  6531 | D:5      | Found a bloodstained altar of Trog.
  6890 | D:5      | Noticed Pikel
  6903 | D:5      | Killed Pikel
  8160 | D:7      | Found a staircase to the Ecumenical Temple.
  8175 | Temple   | Entered the Ecumenical Temple
  8179 | Temple   | Became a worshipper of Vehumet
  8365 | D:7      | Found Lancelot's Dragon-Slaying Spoils.
  8502 | D:7      | Identified the beast talisman of Entitlement {rF+ rCorr
                  | Stlth+}
  8676 | D:7      | Reached skill level 1 in Fighting
  8677 | D:7      | Reached skill level 1 in Armour
  8677 | D:7      | Reached skill level 1 in Air Magic
  9192 | D:8      | Reached XP level 10. HP: 59/67 MP: 15/18
  9225 | D:8      | Noticed a cyan ugly thing
  9369 | D:8      | Killed a cyan ugly thing
  9439 | D:8      | Noticed Psyche
  9453 | D:8      | Found a flagged portal.
  9453 | D:8      | Noticed Erica
  9473 | D:8      | Killed Erica
  9479 | D:8      | Reached * piety under Vehumet
  9479 | D:8      | Offered knowledge of Shock by Vehumet.
  9481 | Bailey   | Entered a bailey
  9648 | Bailey   | Learned a level 4 spell: Ignite Poison
  9653 | Bailey   | Learned a level 4 spell: Olgreb's Toxic Radiance
 10402 | D:8      | Killed Psyche
 10783 | D:8      | Offered knowledge of Momentum Strike by Vehumet.
 10784 | D:8      | Reached ** piety under Vehumet
 10927 | D:8      | Reached skill level 5 in Fighting
 11384 | D:9      | Found Ibbaowna's Assorted Antiques.
 11393 | D:9      | Bought 2 grey potions for 45 gold pieces
 11393 | D:9      | Bought a brass wand for 100 gold pieces
 11393 | D:9      | Bought a scroll labelled XOIF DAOQOMY for 25 gold pieces
 11705 | D:9      | Noticed a two-headed ogre
 11717 | D:9      | Reached XP level 11. HP: 80/80 MP: 3/19
 11735 | D:9      | Reached skill level 5 in Armour
 11735 | D:9      | Reached skill level 5 in Air Magic
 12116 | D:9      | Killed a two-headed ogre
 12828 | D:10     | Entered Level 10 of the Dungeon
 12837 | D:10     | Found a hazy altar of Hepliaklqana.
 12837 | D:10     | Found a blossoming altar of Fedhas.
 12838 | D:10     | Found a sacrificial altar of Ru.
 12890 | D:10     | Found an ornate altar of the Wu Jian Council.
 12893 | D:10     | Found a glowing silver altar of Zin.
 12918 | D:10     | Found a stormy altar of Qazlal.
 12947 | D:10     | Found a snail-covered altar of Cheibriados.
 13419 | D:10     | Offered knowledge of Inner Flame by Vehumet.
 13547 | D:10     | Found a staircase to the Lair.
 13741 | D:10     | Noticed Maggie
 13758 | D:10     | Noticed Maurice
 13766 | D:10     | Killed Maurice
 13883 | D:10     | Noticed Josephine
 13895 | D:10     | Killed Josephine
 14051 | D:10     | Learned a level 4 spell: Sticky Flame
 14242 | D:10     | Reached *** piety under Vehumet
 14271 | D:10     | Found a staircase to the Orcish Mines.
 14402 | D:10     | Found a burning altar of Makhleb.
 14471 | D:11     | Found a frozen archway.
 14480 | IceCv    | Entered an ice cave
 14484 | IceCv    | Reached XP level 12. HP: 92/92 MP: 18/20
 14516 | IceCv    | Offered knowledge of Dazzling Flash by Vehumet.
 14758 | IceCv    | Noticed a death yak
 14787 | IceCv    | Noticed a death yak
 14808 | IceCv    | Killed a death yak
 15050 | IceCv    | Killed a death yak
 15214 | IceCv    | Learned a level 5 spell: Freezing Cloud
 15218 | IceCv    | Noticed a death yak
 15222 | IceCv    | Noticed a death yak
 15223 | IceCv    | Killed a death yak
 15234 | IceCv    | Killed a death yak
 15370 | IceCv    | Noticed a death yak
 15370 | IceCv    | Noticed a frost giant
 15376 | IceCv    | Killed a death yak
 15380 | IceCv    | Killed a frost giant
 15732 | D:11     | Found Zin's Purification Station.
 15733 | D:11     | Found a glowing silver altar of Zin.
 16203 | D:11     | Noticed a two-headed ogre
 16379 | D:11     | Killed a two-headed ogre
 16379 | D:11     | Reached **** piety under Vehumet
 16380 | D:11     | Reached skill level 10 in Fighting
 16380 | D:11     | Reached XP level 13. HP: 81/103 MP: 8/21
 17100 | Lair:1   | Entered Level 1 of the Lair of Beasts
 17307 | Lair:1   | Found a dark tunnel.
 17311 | Volcano  | Entered a volcano
 17430 | Volcano  | Offered knowledge of Iskenderun's Battlesphere by Vehumet.
 17738 | Volcano  | Noticed an orb of fire
 17975 | Volcano  | Noticed an orb of fire
 18349 | Volcano  | Identified the +0 helmet of the Doldrums {Rampage *Corrode
                  | Str+3 Int+2}
 18649 | Lair:1   | Reached skill level 10 in Armour
 18649 | Lair:1   | Reached skill level 10 in Air Magic
 20308 | Lair:2   | Reached ***** piety under Vehumet
 20683 | Lair:2   | Offered knowledge of Plasma Beam by Vehumet.
 20703 | Lair:2   | Upgraded the game from 0.32-a0-872-g59262bdc9b to
                  | 0.32-a0-876-gcfddb08e57
 20790 | Lair:2   | Reached XP level 14. HP: 114/114 MP: 8/22
 20790 | Lair:2   | Acquired an ablative actuator {RevMP, rPois rCorr Slay+3}
 21166 | Lair:2   | Found a hole to the Spider Nest.
 21322 | Lair:2   | Found a staircase to the Shoals.
 21870 | Lair:3   | Learned a level 6 spell: Plasma Beam
 21904 | Lair:3   | Reached skill level 1 in Fire Magic
 21905 | Lair:3   | Reached skill level 2 in Fire Magic
 21908 | Lair:3   | Reached skill level 3 in Fire Magic
 22065 | Lair:3   | Noticed Gastronok
 22075 | Lair:3   | Killed Gastronok
 22076 | Lair:3   | Reached skill level 4 in Fire Magic
 22603 | Lair:4   | Reached skill level 5 in Fire Magic
 23213 | Lair:4   | Found a hide-covered altar of Uskayaw.
 23213 | Lair:4   | Found an ornate altar of the Wu Jian Council.
 23697 | Lair:5   | Entered Level 5 of the Lair of Beasts
 23786 | Lair:5   | Reached skill level 6 in Fire Magic
 24004 | Lair:5   | Reached skill level 7 in Fire Magic
 24272 | Lair:5   | Reached skill level 8 in Fire Magic
 24368 | Lair:5   | Noticed a dire elephant
 24369 | Lair:5   | Noticed a dire elephant
 24567 | Lair:5   | Offered knowledge of Flame Wave by Vehumet.
 24654 | Lair:5   | Reached skill level 9 in Fire Magic
 24659 | Lair:5   | Killed a dire elephant
 24659 | Lair:5   | Killed a dire elephant
 24661 | Lair:5   | Reached XP level 15. HP: 101/120 MP: 25/25
 24720 | Lair:5   | Identified the +1 hand axe "Liufiada" {freeze, rF- rC+
                  | rCorr}
 25475 | Lair:5   | Found a viscous altar of Jiyva.
 25476 | Lair:5   | Found a staircase to the Slime Pits.
 25601 | Lair:5   | Reached skill level 10 in Fire Magic
 26555 | Orc:1    | Entered Level 1 of the Orcish Mines
 26558 | Orc:1    | Noticed an orc warlord
 26559 | Orc:1    | Reached skill level 11 in Fire Magic
 26561 | Orc:1    | Noticed Erolcha
 26564 | Orc:1    | Killed an orc warlord
 26565 | Orc:1    | Killed Erolcha
 26978 | Orc:1    | Found Maukatwu's Magic Scroll Boutique.
 27025 | Orc:1    | Noticed tweeg707's ghost (journeyman CoAr)
 27032 | Orc:1    | Found a transporter.
 27035 | Orc:1    | Identified the +7 great mace of Domination {freeze, Will-
                  | rCorr Dex+4 SInv}
 27047 | Orc:1    | Found a transporter.
 27202 | Orc:2    | Entered Level 2 of the Orcish Mines
 27462 | Orc:2    | Found Geokiask's Antique Weapon Boutique.
 27474 | Orc:2    | Reached skill level 12 in Fire Magic
 27479 | Orc:2    | Found Baypetaerph's General Store.
 27481 | Orc:2    | Offered knowledge of Yara's Violent Unravelling by Vehumet.
 27544 | Orc:2    | Found Goguegoc's Armour Shop.
 27545 | Orc:2    | Found Cygheot's Assorted Antiques.
 27820 | Orc:2    | Reached skill level 13 in Fire Magic
 27892 | Orc:2    | Found a staircase to the Elven Halls.
 28672 | D:12     | Found an opulent altar of Gozag.
 29683 | D:7      | Bought the +1 pearl dragon scales of Okawaru's Castigation
                  | {rN+ Int+5 SInv} for 1298 gold pieces
 30692 | D:13     | Reached skill level 1 in Ice Magic
 31080 | D:13     | Reached XP level 16. HP: 127/127 MP: 17/26
 31156 | D:13     | Identified the +1 pair of boots of the Known World {^Contam
                  | Fly rElec Str+4}
 31206 | D:13     | Identified the amulet "Vaaxzic" {Acrobat *Slow Int+5}
 31511 | D:14     | Found a gate to the Vaults.
 31530 | D:14     | Noticed Louise
 31531 | Abyss:3  | Cast into level 3 of the Abyss (Louise)
 31696 | Abyss:3  | Reached skill level 14 in Fire Magic
 31769 | Abyss:3  | HP: 3/80 [wretched star/lance of force (11)]
 31769 | Abyss:3  | Collided with a stone wall

Illustrated notes

Levels and vault maps discovered:
D:1:      tarquinn_simple_flora_water_b, layout_loops_corners,
          chequers_serial_rivers_micro_e
D:2:      layout_rooms, uniq_natasha
D:3:      layout_basic, serial_shops, shop
D:4:      layout_basic, uniq_grinder
D:5:      layout_loops_ring, trog_three_pillars_becter, lemuel_tele_altar,
          portal_sewer_entry_e, minmay_misc_feat_tiny, minmay_manual_mess,
          uniq_blork_the_orc, uniq_pikel
D:6:      layout_basic, serial_shops, shop
D:7:      layout_loops_corners, minmay_temple_entry_mist,
          nicolae_shop_dragon_depot
D:8:      layout_basic, lightli_bailey_entry_fortress, minmay_misc_feat_tower,
          uniq_psyche, uniq_erica
D:9:      nicolae_cairo_tiling_large, layout_long_grid, serial_shops, shop
D:10:     layout_roguey, mainiacjoe_overflow_boulevard, grunt_qazlal_sundering,
          nicolae_overflow_hidden_temple, cheibriados_altar_1,
          david_lair_shrubbed, erik_orc_1, uniq_maurice, uniq_maggie,
          uniq_josephine
D:11:     layout_basic, portal_ice_cave_entry_pillars_1, zin_purify
D:12:     minmay_evil_eye, layout_basic,
          nicolae_gozag_cash_rules_everything_around_me
D:13:     layout_loops_ring
D:14:     layout_stronghold, david_vaults_3, serial_glass, glass_columns_b,
          glass_columns_b, uniq_louise, uniq_lodul
Temple:   nicolae_temple_x_marks_the_god
Lair:1:   layout_layer_cave, nicolae_volcano_entry_lava_flow, st_stairs_7,
          grunt_megastairs_4, serial_bayou_shore_b
Lair:2:   layout_regular_city, minmay_shoals_entry_hut, spider_nest_entry_a,
          st_stairs_10
Lair:3:   layout_loops_ring, infiniplex_staircase_pool, uniq_gastronok
Lair:4:   layout_roguey, nzn_masters_of_martial_movement
Lair:5:   due_jungle_book, layout_regular_city, slime_entry_1,
          serial_bayou_shore_a, grunt_megastairs_5
Orc:1:    layout_caves, gammafunk_ghost_smash, serial_shops, shop, uniq_erolcha
Orc:2:    st_orc_open, layout_diamond_mine, nicolae_orc_crystal_seam
Abyss:3:  base: D:1, hangedman_shadowy_showcase, evilmike_abyss_exit_vortex,
          spicy_abyss_rude_harpoons

Skill      XL: |  1  2  3  4  5  6  7  8  9 10 11 12 13 14 15 16 |
---------------+-------------------------------------------------+-----
Conjurations   | 1 2 3 5 |  5.9
Dodging        | 2 3 4 5 6 |  6.2
Spellcasting   | 2 3 4 5 7 |  7.0
Alchemy        | 4 5 6 7 |  7.9
Fighting       | 2 5 8 10 11 | 11.7
Armour         | 1 4 7 9 10 | 10.6
Air Magic      | 1 4 7 9 10 | 10.6
Fire Magic     | 9 13 14 | 14.0
Ice Magic      | 2 4 |  4.2
Stealth        | |  1.5

Action                     |  1- 3 |  4- 6 |  7- 9 | 10-12 | 13-15 | 16-18 || total
---------------------------+-------+-------+-------+-------+-------+-------++-------
  Melee: Unarmed           |     5 |       |       |       |       |       ||     5
         Dagger            |    13 |    68 |       |       |       |       ||    81
         Mace              |     1 |    67 |   231 |   113 |       |       ||   412
         Spear             |       |       |   256 |   158 |   190 |    18 ||   622
         Scimitar          |       |       |       |    28 |   189 |    18 ||   235
   Cast: Sting             |    35 |    19 |    33 |     2 |     4 |       ||    93
         Mephitic Cloud    |       |     4 |    32 |    62 |    42 |     4 ||   144
         Ignite Poison     |       |       |       |    58 |    62 |     5 ||   125
         Olgreb's Toxic Ra |       |       |       |    39 |    70 |     5 ||   114
         Freezing Cloud    |       |       |       |     1 |    89 |       ||    90
         Sticky Flame      |       |       |       |       |    25 |     6 ||    31
         Plasma Beam       |       |       |       |       |    24 |     4 ||    28
Ability: Invent Gizmo      |       |       |       |       |     1 |       ||     1
  Evoke: Wand              |       |     1 |    12 |    24 |     3 |       ||    40
    Use: Scroll            |       |     3 |     1 |    26 |    13 |     3 ||    46
         Potion            |       |     2 |     2 |     7 |     4 |     1 ||    16
   Stab: Sleeping          |       |     1 |     2 |     2 |     1 |       ||     6
         Confused          |       |     1 |    24 |    16 |     5 |       ||    46
         Distracted        |       |       |     2 |       |       |       ||     2
 Armour: Robe              |    16 |    47 |   165 |   168 |   183 |       ||   579
         Pearl dragon scal |       |       |       |       |    30 |    47 ||    77
  Dodge: Dodged            |    16 |    50 |   195 |   135 |   161 |    17 ||   574

Table legend: (Time is in decaauts)
 A = Elapsed time spent in this place.
 B = Non-inter-level travel time spent in this place.
 C = Inter-level travel time spent in this place.
 D = Time resting spent in this place.
 E = Time spent auto-exploring this place.
 F = Levels seen in this place.
 G = Mean time per level.
                   A        B        C        D        E       F      G
               +--------+--------+--------+--------+--------+-----+--------+
         Total |  32439 |  30714 |   1725 |   8751 |  15371 |  27 | 1201.4 |
       Dungeon |  17719 |  16261 |   1458 |   3933 |   9076 |  14 | 1265.6 |
        Temple |      8 |      8 |      0 |      0 |      0 |   1 |    8.0 |
          Lair |   8320 |   8153 |    167 |   2197 |   4801 |   5 | 1664.0 |
  Orcish Mines |   1570 |   1471 |     99 |    337 |    813 |   2 |  785.0 |
         Abyss |    241 |    241 |      0 |    160 |      0 |   1 |  241.0 |
         Sewer |   1389 |   1389 |      0 |    176 |    528 |   1 | 1389.0 |
        Bailey |    911 |    911 |      0 |    551 |     69 |   1 |  911.0 |
      Ice Cave |   1117 |   1117 |      0 |    636 |     44 |   1 | 1117.0 |
       Volcano |   1160 |   1160 |      0 |    761 |     38 |   1 | 1160.0 |
               +--------+--------+--------+--------+--------+-----+--------+

Top non-repeatable levels by time:
    D:10: 2537 daAuts
  Lair:5: 2470 daAuts
  Lair:1: 1967 daAuts
    D:12: 1774 daAuts
     D:9: 1500 daAuts
     D:6: 1467 daAuts
  Lair:4: 1448 daAuts
   Sewer: 1389 daAuts
  Lair:2: 1363 daAuts
     D:8: 1361 daAuts
     D:4: 1289 daAuts
     D:7: 1252 daAuts
     D:5: 1232 daAuts
    D:11: 1200 daAuts
 Volcano: 1160 daAuts
